 Dungeon Crawl Stone Soup version 0.30.1-11-g7821555f0a (webtiles) character file.

Game seed: 16510916438653831701

58 karkarkar the Trooper (level 3, -10/33 HPs)
             Began as a Minotaur Fighter on Nov 15, 2023.
             Killed by divine providence
             ... invoked by an orc priest
              (14 damage)
             ... on level 3 of the Dungeon.
             The game lasted 00:08:43 (1619 turns).

karkarkar the Trooper (Minotaur Fighter)            Turns: 1619, Time: 00:08:43

Health: -10/33     AC: 11    Str: 25    XL:     3   Next: 76%
Magic:  2/2        EV:  7    Int:  5    God:
Gold:   60         SH:  0    Dex: 13    Spells: 2/2 levels left

rFire   . . .        a - +0 war axe
rCold   . . .        c - +0 buckler
rNeg    . . .        h - +0 plate armour
rPois   .            (helmet restricted)
rElec   .            (no cloak)
rCorr   +            (no gloves)
SInv    .            (no boots)
Will    .....        e - amulet of Udeudgh {Faith rCorr Str+3 Dex+4} Stlth
                     (no ring)
HPRegen 0.25/turn    (no ring)
MPRegen 0.08/turn

%: faith
@: confused, mighty
A: horns 2, retaliatory headbutt
a: no special abilities


You were on level 3 of the Dungeon.
You visited 1 branch of the dungeon, and saw 3 of its levels.

You collected 108 gold pieces.
You spent 48 gold pieces at shops.

Inventory:

Hand Weapons
 a - a +0 war axe (weapon)
Armour
 c - a +0 buckler (worn)
 h - a +0 plate armour (worn)
Jewellery
 e - the amulet of Udeudgh (around neck) {Faith rCorr Str+3 Dex+4}
   (You acquired it on level 1 of the Dungeon)

   [amulet of faith]

   It allows you to gain divine favour quickly.
   Str:       It affects your strength (+3).
   Dex:       It affects your dexterity (+4).
   rCorr:     It protects you from acid and corrosion.
Wands
 q - a wand of iceblast (10)
Scrolls
 b - a scroll of enchant armour
 f - a scroll of amnesia
 g - a scroll of fear {unknown}
 k - a scroll of fog {unknown}
 m - a scroll of immolation
 n - a scroll of enchant weapon {unknown}
 o - a scroll of vulnerability {unknown}
 p - a scroll of poison {unknown}
Potions
 d - a potion of might
 i - a potion of flight {unknown}
 j - a potion of curing {unknown}
 l - a potion of brilliance {unknown}
 r - a potion of lignification {unknown}
 s - a potion of heal wounds {unknown}


   Skills:
 + Level 4.1 Fighting
 * Level 4.1 Axes
 + Level 4.0 Armour
 + Level 0.6 Dodging
 - Level 3.6 Shields


You had 2 spell levels left.
You didn't know any spells.
Your spell library contained the following spells:

 Spells                   Type           Power      Damage    Failure   Level
 Apportation              Tloc           0%         N/A       100%        1
 Necrotise                Necr           0%         1d4       100%        1
 Slow                     Hex            0%         N/A       100%        1
 Summon Small Mammal      Summ           0%         N/A       100%        1
 Confusing Touch          Hex            0%         N/A       100%        3
 Vampiric Draining        Necr           0%         2d6       100%        3


Dungeon Overview and Level Annotations

Branches:
Dungeon (3/15)

Altars:

Shops:
D:1 :*


Innate Abilities, Weirdness & Mutations

You have a pair of horns on your head.
You reflexively headbutt those who attack you in melee.


Message History

The orc hits you but does no damage. The orc wizard casts a spell at you.
You resist with significant effort. The orc hits you with a +0 club.
You bump into the rock wall.
The orc priest looks encouraged for a moment.
The orc hits you but does no damage.
The orc wizard hits you but does no damage.
You bump into the rock wall.
The orc wizard points at you and mumbles some strange words.
The puff of flame hits you but does no damage.
The orc hits you but does no damage.
You hit the orc wizard. Your headbutt misses the orc wizard.
The orc wizard is severely wounded.
You hit the orc. The orc hits you but does no damage.
The orc wizard points at you and mumbles some strange words.
The magic dart hits you but does no damage.
You're too confused to move!
The orc wizard gestures at you while chanting.
The magic dart hits you but does no damage.
The orc barely misses you.
The orc priest invokes the aid of Beogh against you.
Beogh smites you!
You barely miss the orc wizard.
The orc wizard is severely wounded.
You hit the orc.
You kill the orc!
The orc priest calls down the wrath of Beogh upon you.
Beogh smites you!
* * * LOW HITPOINT WARNING * * *
The orc wizard hits you but does no damage.
The orc wizard casts a spell at you.
The magic dart hits you but does no damage.
The orc priest mumbles some strange prayers to Beogh against you.
You barely resist.
The orc wizard hits you with a +0 dagger.
* * * LOW HITPOINT WARNING * * *
You feel very mighty all of a sudden.
The orc priest mumbles some strange prayers to Beogh against you.
Beogh smites you!
You die...

#.# #.....#.# #.# #.# #####...#
#.# #.# #..## #.## #.# #..#
#... #.## #..## ##.#
############.o# #...# ##..#
#<.........##.#######.#.###...#
#..........##o##............#.#
#..........##oo@.>^.....#####.#
#..........#####........# #.#
#..........### #...>....## ##.#
#............###...####..# #..#
#..........#.......#####.# #.##
#..........#######.......###.#
#..........# #.#####..##.#
.........# #....######.#
########## ####.# ##.#


You could see an orc priest, an orc wizard and an orc.

Vanquished Creatures
  An adder (D:3)
  A worm (D:2)
  A dart slug (D:2)
  2 orcs (D:3)
  6 ball pythons
  4 endoplasms
  4 hobgoblins
  4 bats
  5 frilled lizards
  6 goblins
  10 kobolds
  A rat (D:2)
45 creatures vanquished.

Notes
Turn   | Place    | Note
-------+----------+-------------------------------------------
     0 | D:1      | karkarkar the Minotaur Fighter began the quest for the Orb.
     0 | D:1      | Reached XP level 1. HP: 19/19 MP: 0/0
    71 | D:1      | Found Teisiqai's General Store.
   124 | D:1      | Found Inuxoez's Vocational Training.
   318 | D:1      | Bought a scroll of identify for 24 gold pieces
   436 | D:1      | Reached XP level 2. HP: 27/27 MP: 1/1
   805 | D:1      | Bought a scroll of identify for 24 gold pieces
   805 | D:1      | Identified a scroll of acquirement
   806 | D:1      | Acquired the amulet of Udeudgh {Faith rCorr Str+3 Dex+4}
   996 | D:2      | Reached XP level 3. HP: 33/33 MP: 2/2
  1619 | D:3      | Killed from afar by an orc priest

Illustrated notes

Levels and vault maps discovered:
D:1:      sevenhm_arrival_forest_fort_small_4, layout_loops_ring, serial_shops,
          shop, nicolae_shop_vocational
D:2:      layout_basic, lexackson_kobold_supper
D:3:      layout_rooms, lemuel_blue_sif_altar, chequers_mini_garden,
          minmay_shallow_snake_nest

Skill      XL: |  1  2  3 |
---------------+----------+-----
Fighting       | 4 |  4.1
Axes           | 3 4 |  4.1
Armour         | 4 |  4.0
Dodging        | |  0.6
Shields        | |  3.6

Action                     || total
---------------------------++-------
  Melee: War axe           ||    94
         Headbutt          ||     9
    Use: Scroll            ||     5
         Potion            ||     1
 Armour: Plate armour      ||    81
  Dodge: Dodged            ||    24
  Block: Buckler           ||    20
